 Dungeon Crawl Stone Soup version 0.23.1 (webtiles) character file.

Game seed: 0

485 Fang the Skirmisher (level 7, -6/44 HPs)
             Began as a Gargoyle Berserker on Mar 6, 2019.
             Was a Priest of Trog.
             Mangled by an ogre
             ... wielding a +0 giant spiked club
              (12 damage)
             ... on level 4 of the Dungeon.
             The game lasted 00:05:41 (2892 turns).

Fang the Skirmisher (Gargoyle Berserker)            Turns: 2892, Time: 00:05:42

Health: -6/44      AC: 12    Str: 23    XL:     7   Next: 13%
Magic:  7/7        EV: 11    Int:  7    God:    Trog [***...]
Gold:   151        SH:  0    Dex:  9    Spells: 6/6 levels left

rFire    . . .     SeeInvis .   a - +0 hand axe
rCold    . . .     Gourm    .   (no shield)
rNeg     + . .     Faith    .   f - +0 scale mail
rPois    ∞         Spirit   .   (no helmet)
rElec    +         Reflect  .   (no cloak)
rCorr    +         Harm     .   (no gloves)
MR       .....                  (no boots)
Stlth    ..........             (no amulet)
HPRegen  0.14/turn              m - ring of resist corrosion
MPRegen  0.10/turn              (no ring)

@: berserk cooldown, very slightly contaminated, slowed, invisible, very slow
A: negative energy resistance 1, electricity resistance, unbreathing,
petrification resistance, rot immunity, AC +4
a: Berserk, Trog's Hand, Renounce Religion


You were on level 4 of the Dungeon.
You worshipped Trog.
Trog was most pleased with you.
You were near starving.

You visited 1 branch of the dungeon, and saw 4 of its levels.

You collected 151 gold pieces.

Inventory:

Hand Weapons
 a - a +0 hand axe (weapon)
Armour
 f - a +0 scale mail (worn)
Jewellery
 m - a ring of resist corrosion (left hand)
Scrolls
 b - a scroll of fear {unknown}
 d - 2 scrolls of enchant armour {unknown}
 e - a scroll of noise {unknown}
 g - 5 scrolls of remove curse {unknown}
 h - 2 scrolls of identify {unknown}
 j - 2 scrolls of magic mapping {unknown}
 k - a scroll of amnesia {unknown}
 p - a scroll of teleportation {unknown}
Potions
 l - 2 potions of heal wounds {unknown}
 o - a potion of haste {unknown}
Comestibles
 c - 7 rations
 i - 5 chunks of flesh


   Skills:
 + Level 5.1 Fighting
 + Level 4.2 Axes
 + Level 4.5 Armour
 + Level 3.2 Dodging


You had 6 spell levels left.
You didn't know any spells.
Your spell library was empty.

Dungeon Overview and Level Annotations

Branches:
Dungeon (4/15)
 Temple: D:4-7

Altars:
Dithmenos
Elyvilon
Trog
Uskayaw
Yredelemnul


Innate Abilities, Weirdness & Mutations

You are resistant to torment.
Your stone body is resilient. (AC +4)
You are immune to poison.
You resist negative energy. (rN+)
You are resistant to electric shocks. (rElec)
You can survive without breathing.
You are immune to petrification.
You are immune to rotting.


Message History

You are too hungry to fight recklessly!
The hungry ghost hits you.
You feel somewhat more hungry. The hungry ghost hits you.
You feel somewhat more hungry.
The ogre hits you with a +0 giant spiked club!!
Okay, then.
Eat one of 6 chunks of flesh? (ye/n/q)
Okay, then.
Eat one of 6 chunks of flesh? (ye/n/q)
You eat one of the 6 chunks of flesh.
This raw flesh tastes terrible.
You are near starving!
The hungry ghost hits you.
You feel quite a bit more hungry.
The ogre hits you with a +0 giant spiked club!
* * * LOW HITPOINT WARNING * * *
It was a potion of invisibility.
You fade into invisibility!
The hungry ghost closely misses you. The ogre misses you.
The hungry ghost barely misses you.
You are very lightly contaminated with residual magic.
The ogre hits you with a +0 giant spiked club!
You die...

$. #. .# #.. .# .# #. .
#.# .# # #.O#: .. .###.#
#..#.##. ....
#...#.#.#$.# ...#.#...#
#)##OW.# #.# #.†.@## ...
####.######### #.#
.#####.#.......######..
#..........###.......#.#
####.##.#..###..####....
# #...........##..#.
###..###..#.......
.####..###.(####.#..
#............####.###


You could see a hungry ghost and an ogre.

Vanquished Creatures
  Sigmund (D:4)
  An eye of draining (D:3)
  A howler monkey (D:4)
  A hound (D:4)
  Robin (D:2)
  4 gnolls
  6 adders
  An ooze (D:3)
  A worm (D:2)
  4 leopard geckos
  3 ball pythons
  3 giant cockroaches
  7 hobgoblins
  3 jackals (D:3)
  A quokka (D:3)
  7 bats
  4 frilled lizards
  14 goblins
  4 kobolds
  5 rats
72 creatures vanquished.

Notes
Turn   | Place    | Note
-------+----------+-------------------------------------------
     0 | D:1      | Fang the Gargoyle Berserker began the quest for the Orb.
     0 | D:1      | Reached XP level 1. HP: 14/14 MP: 1/1
   427 | D:1      | Reached XP level 2. HP: 7/19 MP: 2/2
  1089 | D:2      | Reached XP level 3. HP: 17/24 MP: 3/3
  1138 | D:2      | Noticed Robin
  1148 | D:2      | Reached ** piety under Trog
  1150 | D:2      | Killed Robin
  1255 | D:2      | Reached XP level 4. HP: 29/29 MP: 4/4
  1294 | D:2      | Reached skill level 4 in Fighting
  1790 | D:2      | Found a hide-covered altar of Uskayaw.
  2156 | D:3      | Found a shadowy altar of Dithmenos.
  2172 | D:3      | Reached XP level 5. HP: 29/33 MP: 5/5
  2217 | D:3      | Found a bloodstained altar of Trog.
  2217 | D:3      | Noticed an eye of draining
  2233 | D:3      | Killed an eye of draining
  2233 | D:3      | Reached XP level 6. HP: 39/39 MP: 0/6
  2444 | D:3      | Found a white marble altar of Elyvilon.
  2523 | D:3      | Found a basalt altar of Yredelemnul.
  2783 | D:3      | Reached *** piety under Trog
  2866 | D:4      | Noticed Sigmund
  2876 | D:4      | Killed Sigmund
  2876 | D:4      | Reached skill level 5 in Fighting
  2876 | D:4      | Reached XP level 7. HP: 44/44 MP: 7/7
  2878 | D:4      | Noticed a hungry ghost
  2892 | D:4      | Mangled by an ogre

Skill      XL: |  1  2  3  4  5  6 |
---------------+-------------------+-----
Axes           | 3 4 |  4.2
Dodging        | 2 3 |  3.2
Armour         | 3 4 |  4.5
Fighting       | 4 5 |  5.1

Action                   |  1- 3 |  4- 6 |  7- 9 || total
-------------------------+-------+-------+-------++-------
Melee: Hand axe          |    80 |   146 |    10 ||   236
Invok: Berserk           |     1 |     3 |       ||     4
  Use: Potion            |       |       |     1 ||     1
  Eat: Chunk             |     2 |     7 |     1 ||    10
Armor: Scale mail        |    43 |    77 |     5 ||   125
       Animal skin       |     2 |       |       ||     2
Dodge: Dodged            |    50 |    85 |     9 ||   144
